 Dungeon Crawl Stone Soup version 0.31-a0-217-g58bb5d79cf (webtiles) character file.

Game seed: 11364002254356052622

44 qw the Shooter (level 3, 0/29 HPs)
             Began as a Minotaur Hexslinger on July 2, 2023.
             Slain by a goblin
             ... wielding a +0 dagger
             ... led by Robin
              (2 damage)
             ... on level 2 of the Dungeon.
             The game lasted 00:00:22 (856 turns).

qw the Shooter (Minotaur Hexslinger)                 Turns: 856, Time: 00:00:22

Health: 0/29       AC:  2    Str: 12    XL:     3   Next: 41%
Magic:  3/3        EV: 12    Int: 10    God:
Gold:   62         SH:  0    Dex: 14    Spells: 3/4 levels left

rFire   . . .        Y - +1 sling
rCold   . . .        (no shield)
rNeg    . . .        c - +0 robe
rPois   .            (helmet restricted)
rElec   .            (no cloak)
rCorr   .            (no gloves)
SInv    .            (no boots)
Will    .....        (no amulet)
Stlth   +            (no ring)
HPRegen 0.24/turn    (no ring)
MPRegen 0.08/turn

%: no passive effects
@: no status effects
A: horns 2, retaliatory headbutt
a: no special abilities


You were on level 2 of the Dungeon.
You visited 1 branch of the dungeon, and saw 2 of its levels.

You collected 62 gold pieces.


Innate Abilities, Weirdness & Mutations

You have a pair of horns on your head.
You reflexively headbutt those who attack you in melee.


   Skills:
 - Level 2.0 Fighting
 + Level 4.0 Ranged Weapons
 - Level 2.1 Dodging
 - Level 1.0 Spellcasting
 - Level 2.0 Hexes


You had 3 spell levels left.
You knew the following spells:

 Your Spells              Type           Power      Damage    Failure   Level
a - Slow                  Hex            16%        N/A       16%         1

Your spell library contained the following spells:

 Spells                   Type           Power      Damage    Failure   Level
 Inner Flame              Hex/Fire       2%         N/A       56%         3
 Portal Projectile        Hex/Tloc       4%         N/A       56%         3
 Cause Fear               Hex            2%         N/A       83%         4

Inventory:

Hand Weapons
 Y - a +1 sling (weapon)
Armour
 a - a +0 leather armour
 c - a +0 robe (worn)
Potions
 f - a potion of enlightenment

Dungeon Overview and Level Annotations

Branches:
Dungeon (2/15)

Altars:

Annotations:
D:2 Robin


Message History

You headbutt the goblin. You shoot a sling bullet.
The sling bullet barely misses the goblin.
The goblin hits you with a +0 club.
Robin says, "My goblins will feast on your bones."
A goblin comes into view. It is wielding a +0 club.
A quokka comes into view.
You shoot a sling bullet. The sling bullet hits the goblin.
You kill the goblin!
You hear a shout! x2
A goblin opens the door.
A goblin comes into view. It is wielding a +0 club.
Robin throws the goblin at you! The goblin hits you with a dagger.
Your Ranged Weapons skill increases to level 4!
You shoot a sling bullet. The sling bullet hits the goblin.
The goblin is moderately wounded.
You hear a shout!
The goblin hits you with a +0 dagger. The goblin closely misses you.
A goblin comes into view. It is wielding a +0 club.
You hear a shout!
You shoot a sling bullet.
The sling bullet barely misses the quokka.
The quokka misses you.
A hobgoblin comes into view.
The goblin hits you with a +0 dagger.
The hobgoblin hits you but does no damage.
You shoot a sling bullet.
The sling bullet closely misses the quokka.
The quokka barely misses you. The goblin hits you with a +0 club.
The goblin hits you with a +0 dagger. The hobgoblin closely misses you.
The quokka closely misses you.
You shoot a sling bullet. The sling bullet misses the quokka.
The goblin misses you. The goblin hits you with a +0 club.
The goblin hits you with a +0 dagger. The hobgoblin hits you.
The quokka closely misses you. You furiously retaliate!
You headbutt the quokka. You shoot a sling bullet.
The sling bullet hits the quokka.
You kill the quokka!
The hobgoblin closely misses you. The goblin barely misses you.
The goblin hits you with a +0 dagger.
You die...

............#.#
.............#.# #
.............#.##.#
.............>#
########.#.##.#
#.......##.#
#.###.#....#
#g#%#### #g@g#
#.....g.##
#.#..#gg# #. ##gg #
'.g #... #... #....


You could see Robin, 2 hobgoblins and 6 goblins.

Vanquished Creatures
  A dart slug (D:1)
  3 bats (D:1)
  3 endoplasms (D:1)
  3 giant cockroaches (D:1)
  5 goblins
  6 hobgoblins (D:1)
  5 jackals (D:1)
  4 kobolds (D:1)
  A quokka (D:2)
  4 frilled lizards
  A rat (D:1)
36 creatures vanquished.

Notes
Turn   | Place    | Note
-------+----------+-------------------------------------------
     0 | D:1      | qw the Minotaur Hexslinger began the quest for the Orb.
     0 | D:1      | Reached XP level 1. HP: 16/16 MP: 1/1
     0 | D:1      | 0 ||| qw: Version: 0.3-a-40-ge99b1a8
     0 | D:1      | 0 ||| qw: Game counter: 7982
     0 | D:1      | 0 ||| qw: Melee chars always use a shield: true
     0 | D:1      | 0 ||| qw: God list: Okawaru
     0 | D:1      | 0 ||| qw: Allow faded altars: false
     0 | D:1      | 0 ||| qw: Do Orc after clearing Dungeon:15 true
     0 | D:1      | 0 ||| qw: Do second Lair branch before Depths: true
     0 | D:1      | 0 ||| qw: Lair rune preference: random
     0 | D:1      | 0 ||| qw: Goals: Normal
     0 | D:1      | 0 ||| PLANNING D:1-11
     8 | D:1      | 8 ||| DROPPING scroll of poison.
    99 | D:1      | Reached skill level 3 in Ranged Weapons
    99 | D:1      | Reached XP level 2. HP: 20/23 MP: 2/2
   199 | D:1      | Reached XP level 3. HP: 17/29 MP: 3/3
   441 | D:1      | 441 ||| FLEEEEING.
   442 | D:1      | 442 ||| FLEEEEING.
   443 | D:1      | 443 ||| FLEEEEING.
   783 | D:1      | 783 ||| DROPPING +6 ring of intelligence.
   784 | D:1      | 784 ||| READING scroll labelled NURIUR KIHIRR.
   785 | D:1      | 785 ||| READING scroll labelled WOJUES ZAGU.
   788 | D:1      | 788 ||| DRINKING 2 bubbling ruby potions.
   847 | D:2      | Noticed Robin
   852 | D:2      | Reached skill level 4 in Ranged Weapons
   855 | D:2      | HP: 2/29 [hobgoblin[Robin] (6)]
   856 | D:2      | Slain by a goblin

Levels and vault maps discovered:
D:1:      saegor_arrival_simple_b, layout_basic, due_unseen_surprise
D:2:      minmay_chambers_of_ones, layout_basic, st_stairs_13, uniq_robin

Skill      XL: |  1  2  3 |
---------------+----------+-----
Ranged Weapons | 3 4 |  4.0
Fighting       | 2 |  2.0
Dodging        | |  2.1
Spellcasting   | |  1.0
Hexes          | |  2.0

Action                     || total
---------------------------++-------
   Fire: Sling             ||    88
    Use: Scroll            ||     2
         Potion            ||     1
 Armour: Robe              ||     8
  Dodge: Dodged            ||    28

Table legend:
 A = Non-vault XP
 B = Vault XP
 C = Vault XP percentage of total XP
 D = Non-vault monster count
 E = Vault monster count
 F = Vault count percentage of total count
                 A         B        C        D         E       F
            +---------+---------+-------+---------+---------+-------
      Total |      64 |       2 |   3.0 |      35 |       1 |   2.8
            +---------+---------+-------+---------+---------+-------
        D:1 |      61 |       0 |   0.0 |      33 |       0 |   0.0
        D:2 |       3 |       2 |  40.0 |       2 |       1 |  33.3
            +---------+---------+-------+---------+---------+-------
